 Dungeon Crawl Stone Soup version 0.31-a0-981-geadf994542 (webtiles) character file.

Game seed: 1635743951026781286

12204 miscthings the Prestidigitator (level 11, -3/92 HPs)
             Began as a Gnoll Artificer on Nov 2, 2023.
             Was a Priest of Okawaru.
             Slain by a tyrant leech (19 damage)
             ... on level 11 of the Dungeon.
             The game lasted 00:26:56 (9963 turns).

miscthings the Prestidigitator (Gnoll Artificer)    Turns: 9963, Time: 00:26:57

Health: -3/92      AC: 10    Str: 16    XL:     11   Next: 89%
Magic:  0/28       EV: 11    Int: 10    God:    Okawaru [***...]
Gold:   837        SH:  0    Dex: 16    Spells: 23/23 levels left

rFire   . . .        y - +2 whip (venom)
rCold   . . .        (no shield)
rNeg    . . .        a - +0 chain mail
rPois   .            i - +2 hat "Bourchid" {Will+ Regen+ Dex+3}
rElec   .            v - +0 cloak
rCorr   .            (no gloves)
SInv    .            (no boots)
Will    ++...        q - amulet of guardian spirit
Stlth   +            l - ring of willpower
HPRegen 1.15/turn    h - ring of magical power
MPRegen 0.21/turn

%: guardian spirit
@: no status effects
A: fangs 1, strong nose, distributed training, deformed body, low MP 1, robust
1, MP-powered wands
a: Renounce Religion, Heroism


You were on level 11 of the Dungeon.
You worshipped Okawaru.
Okawaru was most pleased with you.
You visited 2 branches of the dungeon, and saw 12 of its levels.
You also visited: Ossuary.

You collected 927 gold pieces.
You spent 90 gold pieces at shops.

Inventory:

Hand Weapons
 w - a +4 whip of freezing
 x - a +1 scimitar of flaming
 y - a +2 whip of venom (weapon)
 A - a +1 orcbow of flaming
Missiles
 z - 12 poisoned darts (quivered)
Armour
 a - a +0 chain mail (worn)
 b - a +0 leather armour
 i - the +2 hat "Bourchid" (worn) {Will+ Regen+ Dex+3}
   (You acquired it on level 4 of the Dungeon)

   Dex+3:     It affects your dexterity (+3).
   Will+:     It increases your willpower.
   Regen+:    It increases your rate of health regeneration.
 v - a +0 cloak (worn)
Magical Staves
 t - a staff of air
 H - a staff of fire
Jewellery
 h - a ring of magical power (right hand)
 l - a ring of willpower (left hand)
 o - a ring of magical power
 q - an amulet of guardian spirit (around neck)
 D - an amulet of the acrobat
Talismans
 m - a beast talisman
Wands
 c - a wand of flame (4)
 d - a wand of charming (4)
 e - a wand of iceblast (1)
 r - a wand of light (12)
Scrolls
 k - 3 scrolls of fog
 n - 3 scrolls of teleportation
 G - a scroll of immolation
Potions
 g - 2 potions of attraction
 j - a potion of brilliance
 p - 3 potions of curing
 s - a potion of invisibility
 u - 2 potions of cancellation
 C - a potion of might
 E - a potion of lignification
 I - a potion of enlightenment {unknown}
 J - a potion of resistance


   Skills:
 + Level 7.4 Fighting
 + Level 6.8 Short Blades
 + Level 6.8 Long Blades
 + Level 6.8 Axes
 + Level 6.8 Maces & Flails
 + Level 6.8 Polearms
 + Level 6.8 Staves
 + Level 6.8 Ranged Weapons
 + Level 6.8 Throwing
 + Level 8.3 Armour
 + Level 7.4 Dodging
 + Level 7.3 Stealth
 + Level 6.8 Shields
 + Level 6.8 Unarmed Combat
 + Level 6.8 Spellcasting
 + Level 5.6 Conjurations
 + Level 5.6 Hexes
 + Level 5.6 Summonings
 + Level 5.6 Necromancy
 + Level 5.6 Translocations
 + Level 5.6 Transmutations
 + Level 5.6 Fire Magic
 + Level 5.6 Ice Magic
 + Level 5.6 Air Magic
 + Level 5.6 Earth Magic
 + Level 5.6 Poison Magic
 + Level 7.5 Invocations
 + Level 9.5 Evocations
 + Level 6.2 Shapeshifting


You had 23 spell levels left.
You didn't know any spells.
Your spell library contained the following spells:

 Spells                   Type           Power      Damage    Failure   Level
 Apportation              Tloc           28%        N/A       16%         1
 Freeze                   Ice            56%        1d7       16%         1
 Magic Dart               Conj           56%        1d5       16%         1
 Necrotise                Necr           56%        1d6       16%         1
 Shock                    Conj/Air       56%        1d6       16%         1
 Cigotuvi's Dreadful Rot  Necr/Pois/Air  28%        N/A       24%         2
 Searing Ray              Conj           28%        2d5       24%         2
 Frozen Ramparts          Ice            28%        1d5       43%         3
 Hailstorm                Conj/Ice       14%        3d5       43%         3
 Mephitic Cloud           Conj/Pois/Air  14%        N/A       43%         3
 Swiftness                Air            14%        N/A       43%         3
 Airstrike                Air            7%         2d(1-17)  85%         4
 Dispel Undead            Necr           14%        3d10      85%         4
 Fulminant Prism          Conj/Hex       7%         3d7       85%         4
 Summon Small Mammal      Summ           Unusable   N/A       N/A         1
 Call Imp                 Summ           Unusable   N/A       N/A         2
 Death Channel            Necr           Unusable   N/A       N/A         6

Dungeon Overview and Level Annotations

Branches:
Dungeon (11/15)            Temple (1/1) D:7         Ossuary (visited)
   Lair: D:8-11         Orc: D:9-12

Altars:
Ashenzari
Cheibriados
Dithmenos
Elyvilon
Fedhas
Gozag
Hepliaklqana
Kikubaaqudgha
Makhleb
Nemelex Xobeh
Okawaru
Qazlal
Ru
Sif Muna
Trog
Uskayaw
Vehumet
Wu Jian
Xom
Yredelemnul
Zin
The Shining One

Annotations:
D:7 3 runed translucent doors, Persephone's ghost, novice DsBe
D:9 2 transporters, Gormless's ghost, novice DsGl


Innate Abilities, Weirdness & Mutations

You have very sharp teeth.
Your uncanny sense of smell can sniff out nearby items.
Your experience applies equally to all skills.
Armour fits poorly on your strangely shaped body.
Your magical capacity is low. (-10% MP)
You are robust. (+10% HP)
You expend magic power (3 MP) to strengthen your wands.


Message History

The tyrant leech bites you!!
The tyrant leech draws strength from your injuries!
You hit the tyrant leech.
The tyrant leech is moderately wounded.
You barely miss the tyrant leech. You bite the tyrant leech.
The tyrant leech is moderately wounded.
The tyrant leech is no longer blind.
The tyrant leech bites you!!
* * * LOW HITPOINT WARNING * * *
The tyrant leech draws strength from your injuries!
Aiming: Bolt of Light
Press: ? - help, Shift-Dir - straight line, f - tyrant leech
Aim: a tyrant leech (moderately wounded, 60% to hit)
You feel a slight surge of power.
The bolt of light hits the tyrant leech!
The tyrant leech is heavily wounded.
The tyrant leech is blinded.
The bolt of light hits the worm!!
You kill the worm!
Okawaru accepts your kill. The tyrant leech barely misses you.
It was a potion of heal wounds.
You feel much better.
You strike the helpless tyrant leech from behind!
You hit the tyrant leech but do no damage.
The tyrant leech is poisoned.
You bite the tyrant leech, but do no damage.
The tyrant leech is heavily wounded.
The tyrant leech bites you!!
The tyrant leech draws strength from your injuries!
You closely miss the tyrant leech.
The tyrant leech is heavily wounded.
You hit the tyrant leech.
The tyrant leech looks as sick as possible!
The tyrant leech is heavily wounded.
The tyrant leech is no longer blind.
The tyrant leech bites you!!
* * * LOW HITPOINT WARNING * * *
The tyrant leech draws strength from your injuries!
You hit the tyrant leech but do no damage.
The tyrant leech looks as sick as possible!
The tyrant leech is moderately wounded.
The tyrant leech bites you!!
You die...

......# #....~...# ..~~..#
#...~~~!.# ......# ##....~.###
......#####....~...#∆
.........##.>....#w###
######...##........'.#∆
#...##......###...#
#...##......####.## ####
#...##....†@..# ...∆#..(.
#..^##....w#### ####...#
#...##..... ###.....####
#...####### ...........#
#...##### ......#..#.#
######..<....# #...#..#.#
............##############......†
........~...##.....#[.†..#....###
........~~..######.####.##....###


You could see a tyrant leech (extremely poisoned).

Vanquished Creatures
  Erica (D:11)
  3 two-headed ogres
  A death yak (D:9)
  A cyclops (D:11)
  Psyche (D:8)
  The ghost of Dordric the Carver, a novice HuGl of Gozag (D:4)
  An unseen horror zombie (D:9)
  A troll (D:11)
  2 hornets
  A tyrant leech (D:11)
  The ghost of osoart the Changeling, an amateur MfSh of Hepliaklqana (D:5)
  17 yaks
  A vampire (D:9)
  A wraith (D:10)
  A shadow (D:9)
  2 wyverns
  3 steam dragons
  2 vampire mosquitoes (D:11)
  A water moccasin (D:7)
  An acid dragon (D:9)
  3 orc warriors
  3 sky beasts
  An ogre (D:5)
  2 centaurs
  2 elf zombies (Ossuary)
  A kobold brigand (D:6)
  5 bullfrogs
  A scorpion (D:5)
  3 wights (D:6)
  9 killer bees
  3 vampire bats (D:6)
  2 howler monkeys
  2 centaur zombies
  Crazy Yiuf (D:5)
  3 orc priests
  3 hounds
  3 jellies
  A sleepcap (D:5)
  Terence (D:3)
  3 orc wizards
  3 iguanas (D:5)
  2 hell rats (D:11)
  3 mummies
  A gnoll (D:4)
  4 river rats (D:11)
  13 adders
  A shadow imp (D:6)
  2 white imps
  6 ufetubi
  4 worms
  3 dart slugs
  12 orcs
  8 bats
  5 bat skeletons (D:6)
  A bat zombie (D:6)
  9 endoplasms
  4 giant cockroaches
  3 gnoll zombies (Ossuary)
  3 goblins
  7 hobgoblins
  7 jackals (D:5)
  14 kobolds
  2 quokkas
  8 ball pythons
  5 frilled lizards
  5 goblin zombies
  2 hobgoblin zombies (Ossuary)
  A kobold zombie (D:7)
  2 orc zombies (Ossuary)
  11 rats
246 creatures vanquished.

Vanquished Creatures (collateral kills)
  A steam dragon (D:7)
  2 gnolls (D:4)
  3 orcs (D:8)
6 creatures vanquished.

Vanquished Creatures (others)
  A ballistomycete (D:8)
  2 orcs (D:8)
3 creatures vanquished.

Grand Total: 255 creatures vanquished

Notes
Turn   | Place    | Note
-------+----------+-------------------------------------------
     0 | D:1      | miscthings the Gnoll Artificer began the quest for the Orb.
     0 | D:1      | Reached XP level 1. HP: 17/17 MP: 1/1
   238 | D:1      | Reached XP level 2. HP: 22/23 MP: 2/2
   561 | D:1      | Reached XP level 3. HP: 28/28 MP: 3/3
   775 | D:2      | Reached skill level 1 in Invocations
   806 | D:2      | Reached skill level 1 in Short Blades
   806 | D:2      | Reached skill level 1 in Long Blades
   806 | D:2      | Reached skill level 1 in Axes
   806 | D:2      | Reached skill level 1 in Maces & Flails
   806 | D:2      | Reached skill level 1 in Polearms
   806 | D:2      | Reached skill level 1 in Staves
   806 | D:2      | Reached skill level 1 in Ranged Weapons
   806 | D:2      | Reached skill level 1 in Throwing
   806 | D:2      | Reached skill level 1 in Shields
   806 | D:2      | Reached skill level 1 in Unarmed Combat
   806 | D:2      | Reached skill level 1 in Spellcasting
  1027 | D:2      | Reached XP level 4. HP: 27/34 MP: 5/5
  1064 | D:2      | Reached skill level 1 in Shapeshifting
  1247 | D:2      | Reached skill level 1 in Conjurations
  1247 | D:2      | Reached skill level 1 in Hexes
  1247 | D:2      | Reached skill level 1 in Summonings
  1247 | D:2      | Reached skill level 1 in Necromancy
  1247 | D:2      | Reached skill level 1 in Translocations
  1247 | D:2      | Reached skill level 1 in Transmutations
  1247 | D:2      | Reached skill level 1 in Fire Magic
  1247 | D:2      | Reached skill level 1 in Ice Magic
  1247 | D:2      | Reached skill level 1 in Air Magic
  1247 | D:2      | Reached skill level 1 in Earth Magic
  1247 | D:2      | Reached skill level 1 in Poison Magic
  1520 | D:4      | Reached XP level 5. HP: 23/40 MP: 5/7
  1527 | D:4      | Identified a scroll of acquirement
  1527 | D:4      | Acquired the +2 hat "Bourchid" {Will+ Regen+ Dex+3}
  1785 | D:4      | Found Zin's Purification Station.
  1788 | D:4      | Found a glowing silver altar of Zin.
  1795 | D:4      | Bought a potion of curing for 90 gold pieces
  1896 | D:4      | Found a runed translucent gate.
  1896 | D:4      | Found a runed translucent gate.
  1896 | D:4      | Found a runed translucent gate.
  1896 | D:4      | Noticed Dordric's ghost (novice HuGl)
  2055 | D:5      | Entered Level 5 of the Dungeon
  2109 | D:5      | Reached XP level 6. HP: 38/47 MP: 8/8
  2193 | D:5      | Noticed a +0 dagger
  2194 | D:5      | Noticed a +0 short sword
  2194 | D:5      | Noticed a +0 dagger
  2194 | D:5      | Noticed a +0 falchion
  2195 | D:5      | Noticed a +0 spear
  2195 | D:5      | Noticed a +0 spear
  2196 | D:5      | Noticed a +0 falchion
  2197 | D:5      | Noticed a +0 short sword
  2244 | D:5      | Reached skill level 5 in Armour
  2319 | D:5      | Found a hide-covered altar of Uskayaw.
  2412 | D:5      | Reached skill level 7 in Evocations
  2412 | D:5      | Reached XP level 7. HP: 35/52 MP: 10/10
  2467 | D:5      | Found a runed translucent door.
  2467 | D:5      | Noticed osoart's ghost (amateur MfSh)
  3050 | D:5      | Found a runed translucent door.
  3051 | D:5      | Noticed Crazy Yiuf
  3064 | D:5      | Killed Crazy Yiuf
  3359 | D:6      | Found a shimmering blue altar of Sif Muna.
  3383 | D:6      | Identified the +4 long sword of Xopn {heavy, Dex+5}
  3400 | D:6      | Reached XP level 8. HP: 60/60 MP: 12/12
  3618 | D:6      | Found an ancient bone altar of Kikubaaqudgha.
  4284 | D:7      | Noticed a hornet
  4294 | D:7      | Reached XP level 9. HP: 58/66 MP: 14/14
  4307 | D:7      | Killed a hornet
  4498 | D:7      | Reached skill level 5 in Fighting
  4498 | D:7      | Reached skill level 5 in Dodging
  4517 | D:7      | Found a runed translucent gate.
  4517 | D:7      | Found a runed translucent gate.
  4517 | D:7      | Found a runed translucent gate.
  4518 | D:7      | Noticed Persephone's ghost (novice DsBe)
  4593 | D:7      | Found a sand-covered staircase.
  4606 | Ossuary  | Entered an ossuary
  4627 | Ossuary  | Reached skill level 5 in Stealth
  4648 | Ossuary  | Reached skill level 8 in Evocations
  4827 | D:7      | Found a staircase to the Ecumenical Temple.
  4848 | D:8      | Noticed Psyche
  4918 | D:8      | Reached skill level 5 in Invocations
  4976 | D:8      | Reached XP level 10. HP: 16/75 MP: 5/17
  5023 | D:8      | Killed Psyche
  5024 | D:8      | Reached skill level 5 in Short Blades
  5024 | D:8      | Reached skill level 5 in Long Blades
  5024 | D:8      | Reached skill level 5 in Axes
  5024 | D:8      | Reached skill level 5 in Maces & Flails
  5024 | D:8      | Reached skill level 5 in Polearms
  5024 | D:8      | Reached skill level 5 in Staves
  5024 | D:8      | Reached skill level 5 in Ranged Weapons
  5024 | D:8      | Reached skill level 5 in Throwing
  5024 | D:8      | Reached skill level 5 in Shields
  5024 | D:8      | Reached skill level 5 in Unarmed Combat
  5024 | D:8      | Reached skill level 5 in Spellcasting
  5377 | D:8      | Paralysed by a hornet for 1 turns
  5412 | D:8      | Reached skill level 5 in Shapeshifting
  5759 | D:8      | Found a snail-covered altar of Cheibriados.
  5762 | D:8      | Found a sparkling altar of Nemelex Xobeh.
  5974 | Temple   | Entered the Ecumenical Temple
  6001 | Temple   | Became a worshipper of Warmaster Okawaru
  6571 | D:3      | Noticed Terence
  6576 | D:3      | Killed Terence
  7057 | D:4      | Killed Dordric's ghost
  7156 | D:5      | Killed osoart's ghost
  7757 | D:9      | Noticed a two-headed ogre
  7798 | D:9      | Killed a two-headed ogre
  7798 | D:9      | Reached * piety under Okawaru
  7799 | D:9      | Reached skill level 5 in Conjurations
  7799 | D:9      | Reached skill level 5 in Hexes
  7799 | D:9      | Reached skill level 5 in Summonings
  7799 | D:9      | Reached skill level 5 in Necromancy
  7799 | D:9      | Reached skill level 5 in Translocations
  7799 | D:9      | Reached skill level 5 in Transmutations
  7799 | D:9      | Reached skill level 5 in Fire Magic
  7799 | D:9      | Reached skill level 5 in Ice Magic
  7799 | D:9      | Reached skill level 5 in Air Magic
  7799 | D:9      | Reached skill level 5 in Earth Magic
  7799 | D:9      | Reached skill level 5 in Poison Magic
  7799 | D:9      | Reached skill level 9 in Evocations
  7799 | D:9      | Reached XP level 11. HP: 19/83 MP: 4/20
  7958 | D:9      | Noticed Gormless's ghost (novice DsGl)
  7962 | D:9      | Noticed a moth of wrath
  7970 | D:9      | Found a transporter.
  7987 | D:9      | Found a transporter.
  8258 | D:9      | Found a basalt altar of Yredelemnul.
  8649 | D:10     | Entered Level 10 of the Dungeon
  8689 | D:10     | Noticed a two-headed ogre
  8705 | D:10     | Gained mutation: You are robust. (+10% HP) [potion of
                  | mutation]
  8705 | D:10     | Gained mutation: You have hidden genetic defects. [potion
                  | of mutation]
  8705 | D:10     | Gained mutation: You expend magic power (3 MP) to
                  | strengthen your wands. [potion of mutation]
  8706 | D:10     | Killed a two-headed ogre
  9215 | D:10     | Found a blossoming altar of Fedhas.
  9308 | D:10     | Noticed a death yak
  9324 | D:10     | Noticed a death yak
  9327 | D:10     | Noticed a death yak
  9353 | D:9      | Killed a death yak
  9353 | D:9      | Reached ** piety under Okawaru
  9426 | D:10     | You fall into a shaft and drop 1 floor!
  9547 | D:11     | Gained mutation: Your magical capacity is low. (-10% MP)
                  | [hidden defects]
  9760 | D:11     | Noticed a cyclops
  9782 | D:11     | Killed a cyclops
  9787 | D:11     | Noticed Erica
  9787 | D:11     | Noticed a two-headed ogre
  9794 | D:11     | Reached *** piety under Okawaru
  9794 | D:11     | Killed a two-headed ogre
  9795 | D:11     | Killed Erica
  9801 | D:11     | Gained mutation: Armour fits poorly on your strangely
                  | shaped body. [hidden defects]
  9801 | D:11     | Lost mutation: You have hidden genetic defects. [hidden
                  | defects expressed]
  9963 | D:11     | Slain by a tyrant leech

Illustrated notes

Levels and vault maps discovered:
D:1:      lightli_arrival_quake, layout_loops_ring, grunt_decor_cap
D:2:      layout_rooms, minmay_quantized
D:3:      layout_basic, uniq_terence
D:4:      layout_rooms, zin_purify, ebering_ghost_rock_garden
D:5:      layout_rooms, nicolae_uskayaw_en_pointe, ebering_ghost_inner_flame,
          uniq_crazy_yiuf_cottage
D:6:      layout_basic, kennysheep_vampire_church, lemuel_blue_sif_altar
D:7:      layout_basic, minmay_temple_entry_from_below_a,
          nicolae_ossuary_entry_giza, gammafunk_ghost_split
D:8:      layout_cave_pods, mainiacjoe_overflow_catwalk_spiral,
          kennysheep_generic_room_6, uniq_psyche
D:9:      layout_stronghold, lemuel_zombie_altar_yredelemnul,
          gammafunk_ghost_berserking_beasts
D:10:     layout_cave_pods, amcnicky_altar_gilded, dpeg_lair_monsters,
          st_stairs_13
D:11:     layout_basic, erik_orc_1, hangedman_parallel_progression, uniq_erica
Temple:   minmay_temple_curvy_branch

Skill      XL: |  1  2  3  4  5  6  7  8  9 10 11 |
---------------+----------------------------------+-----
Invocations    | 1 2 3 4 5 6 7 |  7.5
Short Blades   | 1 2 3 4 6 |  6.8
Long Blades    | 1 2 3 4 6 |  6.8
Axes           | 1 2 3 4 6 |  6.8
Maces & Flails | 1 2 3 4 6 |  6.8
Polearms       | 1 2 3 4 6 |  6.8
Staves         | 1 2 3 4 6 |  6.8
Ranged Weapons | 1 2 3 4 6 |  6.8
Throwing       | 1 2 3 4 6 |  6.8
Shields        | 1 2 3 4 6 |  6.8
Unarmed Combat | 1 2 3 4 6 |  6.8
Spellcasting   | 1 2 3 4 6 |  6.8
Shapeshifting  | 1 2 3 4 5 6 |  6.2
Conjurations   | 1 2 3 4 5 |  5.6
Hexes          | 1 2 3 4 5 |  5.6
Summonings     | 1 2 3 4 5 |  5.6
Necromancy     | 1 2 3 4 5 |  5.6
Translocations | 1 2 3 4 5 |  5.6
Transmutations | 1 2 3 4 5 |  5.6
Fire Magic     | 1 2 3 4 5 |  5.6
Ice Magic      | 1 2 3 4 5 |  5.6
Air Magic      | 1 2 3 4 5 |  5.6
Earth Magic    | 1 2 3 4 5 |  5.6
Poison Magic   | 1 2 3 4 5 |  5.6
Fighting       | 3 4 5 6 7 |  7.4
Dodging        | 3 4 5 6 7 |  7.4
Stealth        | 3 4 5 6 7 |  7.3
Armour         | 5 6 7 8 |  8.3
Evocations     | 7 8 9 |  9.5

Action                     |  1- 3 |  4- 6 |  7- 9 | 10-12 || total
---------------------------+-------+-------+-------+-------++-------
  Melee: Short sword       |    60 |       |     9 |       ||    69
         Club              |    10 |       |       |       ||    10
         Bite              |    22 |    40 |    58 |    93 ||   213
         Dagger            |   112 |   347 |   150 |       ||   609
         Punch             |     5 |    11 |     9 |    33 ||    58
         Quarterstaff      |       |       |    50 |       ||    50
         Whip              |       |       |   225 |   561 ||   786
         Long sword        |       |       |    27 |    30 ||    57
   Fire: Orcbow            |       |       |    75 |     6 ||    81
  Throw: Dart              |       |       |     6 |    11 ||    17
  Evoke: Wand              |     2 |     8 |     7 |    16 ||    33
    Use: Scroll            |       |     6 |     5 |     8 ||    19
         Potion            |       |       |       |     3 ||     3
   Stab: Invisible         |       |       |       |     4 ||     4
 Armour: Chain mail        |    95 |   182 |   572 |   464 ||  1313
         Leather armour    |     9 |       |       |       ||     9
         Skin              |       |       |       |    58 ||    58
  Dodge: Dodged            |    46 |    90 |   326 |   251 ||   713
   Form: Beast             |       |     1 |       |       ||     1
                           |       |     1 |       |       ||     1

Table legend: (Time is in decaauts)
 A = Elapsed time spent in this place.
 B = Non-inter-level travel time spent in this place.
 C = Inter-level travel time spent in this place.
 D = Time resting spent in this place.
 E = Time spent auto-exploring this place.
 F = Levels seen in this place.
 G = Mean time per level.
                   A        B        C        D        E       F      G
               +--------+--------+--------+--------+--------+-----+--------+
         Total |   9730 |   8905 |    825 |    255 |   5452 |  13 |  748.5 |
       Dungeon |   9495 |   8714 |    781 |    255 |   5398 |  11 |  863.2 |
        Temple |     49 |      6 |     43 |      0 |      0 |   1 |   49.0 |
       Ossuary |    184 |    184 |      0 |      0 |     54 |   1 |  184.0 |
               +--------+--------+--------+--------+--------+-----+--------+

Top non-repeatable levels by time:
     D:8: 1120 daAuts
     D:6: 1108 daAuts
     D:5: 1099 daAuts
     D:9: 1021 daAuts
     D:7: 1007 daAuts
     D:3: 917 daAuts
    D:10: 783 daAuts
     D:1: 706 daAuts
     D:4: 664 daAuts
     D:2: 574 daAuts
    D:11: 492 daAuts
 Ossuary: 184 daAuts
  Temple: 49 daAuts
